 Dungeon Crawl Stone Soup version 0.26-a0-278-g3b0d5afba5 (webtiles) character file.

Game seed: 2011630813211477849

2299 BritishOli the Skirmisher (level 9, 8/71 HPs)
             Began as a Demonspawn Fighter on July 12, 2020.
             Was a Believer of Okawaru.
             Quit the game on level 7 of the Dungeon.
             The game lasted 00:09:56 (6901 turns).

BritishOli the Skirmisher (Demonspawn Fighter)      Turns: 6901, Time: 00:09:56

Health: 8/71       AC: 10    Str: 20    XL:     9   Next: 17%
Magic:  9/9        EV:  8    Int: 10    God:    Okawaru [**....]
Gold:   269        SH: 15    Dex: 12    Spells: 8/8 levels left

rFire    . . .     SeeInvis .   a - +0 long sword
rCold    . . .     Faith    .   c - +0 kite shield
rNeg     . . .     Spirit   +   b - +0 scale mail
rPois    .         Reflect  +   (no helmet)
rElec    .         Harm     .   (no cloak)
rCorr    .                      (no gloves)
MR       .....                  (no boots)
Stlth    ..........             h - amulet of reflection
HPRegen  0.21/turn              e - ring of wizardry
MPRegen  0.11/turn              (no ring)

@: marked
A: claws 2, molten scales 2, demonic guardian 1, magic shield
a: Heroism, Renounce Religion


You were on level 7 of the Dungeon.
You worshipped Okawaru.
Okawaru was pleased with you.
You visited 2 branches of the dungeon, and saw 8 of its levels.

You collected 359 gold pieces.
You spent 90 gold pieces at shops.

Inventory:

Hand Weapons
 a - a +0 long sword (weapon)
Armour
 b - a +0 scale mail (worn)
 c - a +0 kite shield (worn)
 i - a +2 cloak
Jewellery
 e - a ring of wizardry (left claw)
 h - an amulet of reflection (around neck)
Wands
 m - a wand of acid (3)
 x - a wand of random effects (18)
Scrolls
 f - 5 scrolls of teleportation
 j - 3 scrolls of amnesia
 k - 2 scrolls of fog {unknown}
 p - a scroll of magic mapping {unknown}
 q - a scroll of enchant weapon {unknown}
 s - 6 scrolls of remove curse
 u - a scroll of immolation {unknown}
 v - 4 scrolls of fear {unknown}
 B - a scroll of blinking
Potions
 d - 2 potions of might
 g - a potion of flight
 l - a potion of cancellation
 o - 3 potions of curing
 r - a potion of heal wounds
 t - 2 potions of degeneration
 w - a potion of berserk rage
 z - a potion of magic
 A - a potion of brilliance {unknown}


   Skills:
 + Level 6.8 Fighting
 + Level 5.8 Long Blades
 + Level 6.2 Armour
 + Level 6.2 Shields


You had 8 spell levels left.
You didn't know any spells.
Your spell library was empty.

Dungeon Overview and Level Annotations

Branches:
Dungeon (7/15)             Temple (1/1) D:6

Altars:
Ashenzari
Cheibriados
Dithmenos
Elyvilon
Fedhas
Gozag
Hepliaklqana
Kikubaaqudgha
Makhleb
Nemelex Xobeh
Okawaru
Qazlal
Sif Muna
Trog
Uskayaw
Vehumet
Wu Jian
Xom
Yredelemnul
Zin
The Shining One

Shops:
D:6 ?


Innate Abilities, Weirdness & Mutations

You have very sharp fingernails.
You are mostly covered in molten scales. (AC +3)
A weak demonic guardian rushes to your aid.
When hurt, damage is shared between your health and your magic reserves.


Message History

Harold struggles against the net.
Evoke which item? (* to show all) (? for menu, Esc to quit)
Aiming: Corrosive Bolt
Press: ? - help, Shift-Dir - straight line, f/p - Harold
Aim: Harold, wielding a +2 dire flail of draining, wearing a +3 scale mail of fire resistance and quivering 2 throwing nets (almost dead, entangled in a net, covered in acid)
The bolt of acid hits Harold!
Harold is splashed with acid!
Harold seems to be corroded for longer.
You kill Harold!
Okawaru is honoured by your kill.
Your life force feels restored.
Your Armour skill increases to level 6!
Your Shields skill increases to level 6!
You have reached level 9!
Your experience leads to an increase in your attributes!
Increase (S)trength, (I)ntelligence, or (D)exterity?
You feel stronger.
Your demonic ancestry asserts itself...
You feel your magical essence form a protective shroud around your flesh.
Quiver which item? (- for none, * to show all) (? for menu, Esc to quit)
Okay, then.
Are you sure you want to abandon this character and quit the game? (Confirm with "yes".)

##..##......)
#########.............(.
..<.....[.........#+###.
...[............#.#.###.
..).....................
................#.#.....
..................#.....
.......)................
......5@................
.............##..>..####
.............##.........
#####...#######.........
#...# #####.........
#####...###.........###.
....................+.#.
....................#.##
=...................#)..


You could see a friendly quasit (summoned).

Vanquished Creatures
  Harold (D:7)
  A sky beast (D:6)
  2 orc warriors (D:6)
  2 phantoms
  3 centaurs
  A howler monkey (D:4)
  A centaur skeleton (D:7)
  3 orc priests
  2 jellies
  4 hounds
  A bullfrog skeleton (D:4)
  A gnoll shaman (D:6)
  2 iguanas (D:4)
  2 orc wizards
  A worker ant (D:3)
  A hound zombie (D:6)
  A worker ant zombie (D:7)
  8 adders
  9 gnolls
  3 shadow imps
  A white imp (D:6)
  3 ufetubi
  2 worms
  4 dart slugs
  A leopard gecko (D:2)
  14 orcs
  5 giant cockroaches
  4 hobgoblins
  A jackal (D:2)
  3 quokkas
  3 ball pythons
  11 bats
  6 frilled lizards
  9 goblins
  9 kobolds
  8 rats
133 creatures vanquished.

Vanquished Creatures (collateral kills)
  2 ice beasts
  A bullfrog zombie (D:4)
  2 worker ants (D:4)
  A worker ant zombie (D:5)
  An adder (D:4)
  An ufetubus (D:5)
  A leopard gecko (D:4)
  6 orcs
  A giant cockroach (D:4)
16 creatures vanquished.

Vanquished Creatures (others)
  5 dream sheep (D:4)
5 creatures vanquished.

Grand Total: 154 creatures vanquished

Notes
Turn   | Place    | Note
-------+----------+-------------------------------------------
     0 | D:1      | BritishOli the Demonspawn Fighter began the quest for the
                  | Orb.
     0 | D:1      | Reached XP level 1. HP: 18/18 MP: 1/1
   314 | D:1      | Gained mutation: You have sharp fingernails. [demonic
                  | ancestry]
   314 | D:1      | Reached XP level 2. HP: 24/24 MP: 2/2
  1333 | D:2      | Gained mutation: You are partially covered in molten
                  | scales. (AC +2) [demonic ancestry]
  1333 | D:2      | Reached XP level 3. HP: 29/29 MP: 3/3
  1357 | D:2      | Found a glowing golden altar of the Shining One.
  1887 | D:3      | Reached XP level 4. HP: 24/36 MP: 4/4
  2841 | D:4      | Noticed a phantom
  2861 | D:3      | Gained mutation: A weak demonic guardian rushes to your
                  | aid. [demonic ancestry]
  2861 | D:3      | Reached XP level 5. HP: 5/42 MP: 5/5
  3160 | D:4      | Killed a phantom
  3388 | D:4      | Gained mutation: You have very sharp fingernails. [demonic
                  | ancestry]
  3388 | D:4      | Reached XP level 6. HP: 41/48 MP: 6/6
  3496 | D:4      | Found a bloodstained altar of Trog.
  3496 | D:4      | Found a shimmering blue altar of Sif Muna.
  3510 | D:4      | Noticed a dream sheep
  3510 | D:4      | Noticed a dream sheep
  3510 | D:4      | Noticed a dream sheep
  3510 | D:4      | Noticed a dream sheep
  3510 | D:4      | Noticed a dream sheep
  3510 | D:4      | Found a shimmering altar of Xom.
  3516 | D:4      | Killed a dream sheep
  3516 | D:4      | Killed a dream sheep
  3516 | D:4      | Killed a dream sheep
  3516 | D:4      | Killed a dream sheep
  3517 | D:4      | Killed a dream sheep
  3832 | D:4      | Found a radiant altar of Vehumet.
  3837 | D:4      | Found a basalt altar of Yredelemnul.
  3841 | D:4      | Found an ancient bone altar of Kikubaaqudgha.
  4058 | D:5      | Entered Level 5 of the Dungeon
  4325 | D:5      | Gained mutation: You are mostly covered in molten scales.
                  | (AC +3) [demonic ancestry]
  4325 | D:5      | Reached XP level 7. HP: 55/55 MP: 7/7
  4864 | D:5      | Reached skill level 5 in Fighting
  5023 | D:5      | Found Ragijiu's Assorted Antiques.
  5132 | D:6      | Found a staircase to the Ecumenical Temple.
  5142 | Temple   | Entered the Ecumenical Temple
  5364 | D:6      | Reached skill level 5 in Shields
  5460 | D:6      | Found Akkisori's Magic Scroll Shop.
  5472 | D:6      | Bought a scroll of blinking for 90 gold pieces
  5541 | D:6      | Reached XP level 8. HP: 53/63 MP: 8/8
  5553 | D:6      | Reached skill level 5 in Armour
  5772 | D:6      | Found an iron altar of Okawaru.
  5808 | D:6      | Became a worshipper of Warmaster Okawaru
  6305 | D:6      | Reached skill level 5 in Long Blades
  6787 | D:7      | Reached * piety under Okawaru
  6883 | D:7      | Noticed Harold
  6900 | D:7      | Killed Harold
  6900 | D:7      | Reached ** piety under Okawaru
  6900 | D:7      | Gained mutation: When hurt, damage is shared between your
                  | health and your magic reserves. [demonic ancestry]
  6900 | D:7      | Reached XP level 9. HP: 8/71 MP: 9/9
  6901 | D:7      | Quit the game

Illustrated notes

Levels and vault maps discovered:
D:1:      tarquinn_simple_flora_water_f, layout_loops_ring, minmay_misc_feat_x
D:2:      minmay_diamond_boxcup, layout_loops_ring, old_standard_altar
D:3:      layout_basic, ebering_dispersal_statue_hall, minmay_parallelograms
D:4:      layout_rooms, kb_xom_exploding_sheep,
          minmay_overflow_temple_star_quad, gammafunk_temple_overflow_elements
D:5:      layout_rooms, serial_shops, kennysheep_mini
D:6:      layout_basic, lemuel_doored_altar, minmay_temple_entry_slanted,
          serial_shops, shop
D:7:      layout_basic, uniq_harold
Temple:   nicolae_temple_god_jail

Skill      XL: |  1  2  3  4  5  6  7  8 |
---------------+-------------------------+-----
Long Blades    | 2 3 4 5 |  5.8
Shields        | 3 4 5 6 |  6.2
Armour         | 3 4 6 |  6.2
Fighting       | 4 5 6 |  6.8

Action                   |  1- 3 |  4- 6 |  7- 9 || total
-------------------------+-------+-------+-------++-------
Melee: Long sword        |   116 |   282 |   244 ||   642
Throw: Throwing net      |       |       |     2 ||     2
Evoke: Wand              |       |       |     4 ||     4
  Use: Scroll            |     2 |       |     7 ||     9
 Stab: Distracted        |       |     1 |     1 ||     2
Armor: Scale mail        |    53 |   119 |    83 ||   255
Dodge: Dodged            |    27 |    59 |    63 ||   149
Block: Kite shield       |    66 |   267 |   221 ||   554
       Reflection        |       |     3 |    15 ||    18
       Rpst.: Long sword |    14 |    18 |    11 ||    43

Table legend:
 A = Non-vault XP
 B = Vault XP
 C = Vault XP percentage of total XP
 D = Non-vault monster count
 E = Vault monster count
 F = Vault count percentage of total count
                 A         B        C        D         E       F
            +---------+---------+-------+---------+---------+-------
      Total |    2416 |     869 |  26.5 |     141 |       8 |   5.4
            +---------+---------+-------+---------+---------+-------
        D:1 |      26 |       0 |   0.0 |      17 |       0 |   0.0
        D:2 |      24 |      25 |  51.0 |      11 |       7 |  38.9
        D:3 |     129 |       0 |   0.0 |      32 |       0 |   0.0
        D:4 |     426 |       0 |   0.0 |      22 |       0 |   0.0
        D:5 |     385 |       0 |   0.0 |      24 |       0 |   0.0
        D:6 |    1096 |       0 |   0.0 |      29 |       0 |   0.0
        D:7 |     330 |     844 |  71.9 |       6 |       1 |  14.3
            +---------+---------+-------+---------+---------+-------
